 Dungeon Crawl Stone Soup version 0.22.1-2-g9c5b331 (webtiles) character file.

844 Harpaggios the Insei (level 8, 0/58 HPs)
             Began as a Gnoll Transmuter on Dec 28, 2018.
             Was a Follower of Ru.
             Slain by an orc warrior
             ... wielding a +0 short sword
              (20 damage)
             ... on level 6 of the Dungeon.
             The game lasted 00:21:01 (4776 turns).

Harpaggios the Insei (Gnoll Transmuter)             Turns: 4776, Time: 00:21:02

Health: 0/58       AC:  2    Str: 13    XL:     8   Next: 0%
Magic:  7/15       EV: 15    Int: 15    God:    Ru [*.....]
Gold:   520        SH:  0    Dex: 16    Spells: 14/17 levels left

rFire    + . .     SeeInvis +     - Unarmed
rCold    . . .     Gourm    .   (no shield)
rNeg     . . .     Faith    .   b - +1 robe
rPois    +         Spirit   .   (no helmet)
rElec    .         Reflect  .   (no cloak)
rCorr    .         Harm     .   (no gloves)
MR       .....                  (boots currently unavailable)
Stlth    ++........             (no amulet)
HPRegen  0.19/turn              e - ring of see invisible
MPRegen  0.14/turn              i - ring of poison resistance

@: appendage
A: distributed training, fangs 1, talons 3, clumsy 1, deformed body, fire
resistance 1, unskilled 1, strong nose
a: End Transformation, Renounce Religion


You were on level 6 of the Dungeon.
You worshipped Ru.
Ru was aware of your devotion.
You were hungry.
You had grown temporary talons.
You visited 1 branch of the dungeon, and saw 6 of its levels.
You also visited: Ossuary.

You collected 520 gold pieces.

Inventory:

Missiles
 a - 56 arrows
Armour
 b - a +1 robe (worn)
Jewellery
 e - a ring of see invisible (left hand)
 f - an uncursed ring of protection from cold
 g - an uncursed ring of protection from fire
 i - a ring of poison resistance (right hand)
Wands
 q - a wand of enslavement (14)
Scrolls
 j - 2 scrolls of remove curse
 k - 3 scrolls of teleportation
 l - 2 scrolls of enchant armour
 o - 4 scrolls of identify
 p - a scroll of enchant weapon
Potions
 c - a potion of cancellation
 h - 4 potions of curing
 m - a potion of might
Comestibles
 d - 15 rations


   Skills:
 + Level 3.5 Fighting
 + Level 2.5 Short Blades
 + Level 2.5 Long Blades
 + Level 2.5 Axes
 + Level 2.5 Maces & Flails
 + Level 2.5 Polearms
 + Level 2.5 Staves
 + Level 2.5 Slings
 + Level 2.5 Bows
 + Level 2.5 Crossbows
 + Level 2.5 Throwing
 + Level 2.5 Armour
 + Level 4.9 Dodging
 + Level 2.5 Stealth
 + Level 2.5 Shields
 + Level 6.5 Unarmed Combat
 + Level 5.2 Spellcasting
 + Level 2.0 Conjurations
 + Level 2.0 Hexes
 + Level 2.0 Charms
 + Level 2.0 Summonings
 + Level 2.0 Necromancy
 + Level 2.0 Translocations
 + Level 4.0 Transmutations
 + Level 2.0 Fire Magic
 + Level 2.0 Ice Magic
 + Level 2.0 Air Magic
 + Level 2.0 Earth Magic
 + Level 2.0 Poison Magic
 + Level 2.8 Invocations
 + Level 2.5 Evocations


You had 14 spell levels left.
You knew the following spells:

 Your Spells              Type           Power        Failure   Level  Hunger
a - Beastly Appendage     Tmut           ###...       3%          1    None
b - Sticks to Snakes      Tmut           ###.....     4%          2    ##.....

Your spell library contained the following spells:

 Spells                   Type           Power        Failure   Level  Hunger
 Spider Form              Tmut/Pois      ##........   14%         3    ###....
 Ice Form                 Ice/Tmut       ##......     41%         4    ####...
 Blade Hands              Tmut           ###.......   63%         5    ######.


Dungeon Overview and Level Annotations

Branches:
Dungeon (6/15)             Temple (0/1) D:4

Altars:
Cheibriados
Dithmenos
Elyvilon
Gozag
Makhleb
Ru
Uskayaw
Xom
Yredelemnul


Innate Abilities, Weirdness & Mutations

Your experience applies equally to all skills.
You have very sharp teeth.
You are somewhat unskilled. (-1 Apt)
Your uncanny sense of smell can sniff out nearby items.
You have claws for feet.
You are clumsy. (Dex -2)
Armour fits poorly on your strangely shaped body.
Your flesh is heat resistant. (rF+)


Message History

Your adder barely misses the orc warrior.
The orc warrior hits your ball python with a short sword!
Your ball python dies!
Your ball python bites the orc warrior but does no damage.
Your ball python grabs the orc warrior.
Your ball python constricts the orc warrior.
Your adder bites the orc warrior.
The orc warrior hits you with a short sword!
You hit the orc warrior.
You claw the orc warrior, but do no damage.
The orc warrior is moderately wounded.
Your ball python bites the orc warrior.
Your ball python constricts the orc warrior.
Your adder bites the orc warrior but does no damage.
An orc priest comes into view. It is wielding a hand axe.
The orc hits your ball python with a dagger.
Your ball python dies!
The orc priest looks satisfied for a moment.
The orc warrior hits you with a short sword!!
You die...

##... .... ... ∆
... #.# #.#
#.#####
#######.....#
........@oo.#
..........S.o.oo
...>........####
............#
########....#
######


You could see an orc warrior, 2 orc priests, an orc wizard, an orc and a
friendly adder.

Vanquished Creatures
  A centaur (D:5)
  A bullfrog (D:6)
  An elf zombie (Ossuary)
  A scorpion (D:6)
  A howler monkey (D:5)
  A crimson imp (D:4)
  A jelly (D:6)
  A bullfrog skeleton (D:6)
  2 hounds (D:5)
  An orc wizard (D:4)
  An iguana (D:4)
  5 worker ants
  3 big kobold zombies (Ossuary)
  A hound skeleton (D:4)
  2 mummies
  4 adders
  2 oozes
  An adder skeleton (D:4)
  2 dart slugs (D:2)
  4 orcs (D:4)
  5 bats
  A giant cockroach (D:4)
  2 gnoll zombies (Ossuary)
  6 goblins
  4 hobgoblins
  8 jackals
  2 quokkas
  A ball python (D:2)
  6 frilled lizards
  3 hobgoblin zombies
  A jackal skeleton (D:5)
  4 kobolds
  8 rats
87 creatures vanquished.

Vanquished Creatures (collateral kills)
  A human zombie (Ossuary)
  A big kobold zombie (Ossuary)
  A mummy (Ossuary)
  3 gnolls (D:3)
  A goblin (D:3)
  2 goblin zombies (Ossuary)
  A hobgoblin zombie (Ossuary)
  2 orc zombies (Ossuary)
12 creatures vanquished.

Grand Total: 99 creatures vanquished

Notes
Turn   | Place    | Note
-------+----------+-------------------------------------------
     0 | D:1      | Harpaggios the Gnoll Transmuter began the quest for the
                  | Orb.
     0 | D:1      | Reached XP level 1. HP: 17/17 MP: 6/6
   276 | D:1      | Reached XP level 2. HP: 19/23 MP: 5/7
   515 | D:1      | You fall through a shaft!
   519 | D:2      | Found a sacrificial altar of Ru.
   533 | D:2      | Became a worshipper of Ru the Awakened
   570 | D:2      | Found a snail-covered altar of Cheibriados.
   876 | D:1      | Reached XP level 3. HP: 28/28 MP: 9/9
   975 | D:1      | Reached skill level 5 in Spellcasting
  1127 | D:2      | Reached skill level 1 in Invocations
  1759 | D:3      | Gained mutation: You are somewhat unskilled. (-1 Apt) [Ru
                  | sacrifice]
  1759 | D:3      | Reduced skill Unarmed Combat to level 5
  1759 | D:3      | Reached * piety under Ru
  1775 | D:3      | Reached skill level 6 in Unarmed Combat
  1869 | D:3      | Reached skill level 1 in Invocations
  1869 | D:3      | Reached XP level 4. HP: 32/34 MP: 10/10
  1884 | D:3      | Found a shimmering altar of Xom.
  2045 | D:3      | Gained mutation: You expend magic power (3 MP) to
                  | strengthen your wands. [potion of mutation]
  2045 | D:3      | Gained mutation: You are partially covered in iridescent
                  | scales. (AC +2) [potion of mutation]
  2048 | D:3      | Found a basalt altar of Yredelemnul.
  2092 | D:3      | Learned a level 2 spell: Sticks to Snakes
  2101 | D:3      | Reached skill level 1 in Short Blades
  2101 | D:3      | Reached skill level 1 in Long Blades
  2101 | D:3      | Reached skill level 1 in Axes
  2101 | D:3      | Reached skill level 1 in Maces & Flails
  2101 | D:3      | Reached skill level 1 in Polearms
  2101 | D:3      | Reached skill level 1 in Staves
  2101 | D:3      | Reached skill level 1 in Slings
  2101 | D:3      | Reached skill level 1 in Bows
  2101 | D:3      | Reached skill level 1 in Crossbows
  2101 | D:3      | Reached skill level 1 in Throwing
  2101 | D:3      | Reached skill level 1 in Armour
  2101 | D:3      | Reached skill level 1 in Stealth
  2101 | D:3      | Reached skill level 1 in Shields
  2101 | D:3      | Reached skill level 1 in Evocations
  2365 | D:4      | Found a staircase to the Ecumenical Temple.
  2382 | D:4      | Lost mutation: You are partially covered in iridescent
                  | scales. (AC +2) [potion of mutation]
  2382 | D:4      | Lost mutation: You expend magic power (3 MP) to strengthen
                  | your wands. [potion of mutation]
  2382 | D:4      | Gained mutation: Armour fits poorly on your strangely
                  | shaped body. [potion of mutation]
  2382 | D:4      | Gained mutation: You are clumsy. (Dex -2) [potion of
                  | mutation]
  2382 | D:4      | Gained mutation: Your flesh is heat resistant. (rF+)
                  | [potion of mutation]
  2421 | D:4      | Reached skill level 1 in Conjurations
  2421 | D:4      | Reached skill level 1 in Hexes
  2421 | D:4      | Reached skill level 1 in Charms
  2421 | D:4      | Reached skill level 1 in Summonings
  2421 | D:4      | Reached skill level 1 in Necromancy
  2421 | D:4      | Reached skill level 1 in Translocations
  2421 | D:4      | Reached skill level 1 in Fire Magic
  2421 | D:4      | Reached skill level 1 in Ice Magic
  2421 | D:4      | Reached skill level 1 in Air Magic
  2421 | D:4      | Reached skill level 1 in Earth Magic
  2421 | D:4      | Reached skill level 1 in Poison Magic
  2421 | D:4      | Reached XP level 5. HP: 38/39 MP: 4/12
  2490 | D:4      | Found a white marble altar of Elyvilon.
  2705 | D:4      | Found a burning altar of Makhleb.
  2864 | D:4      | Reached XP level 6. HP: 41/46 MP: 13/13
  3084 | D:5      | Entered Level 5 of the Dungeon
  3090 | D:5      | Found a sand-covered staircase.
  3100 | Ossuary  | Entered an ossuary
  3443 | Ossuary  | Reached skill level 5 in Spellcasting
  3631 | Ossuary  | Reached XP level 7. HP: 43/52 MP: 6/14
  3750 | D:5      | Found a hide-covered altar of Uskayaw.
  3750 | D:5      | Noticed a dagger
  3750 | D:5      | Noticed a hand axe
  4100 | D:5      | Found an opulent altar of Gozag.
  4536 | D:6      | Found a shadowy altar of Dithmenos.
  4651 | D:6      | Reached XP level 8. HP: 17/58 MP: 9/15
  4776 | D:6      | Slain by an orc warrior

Skill      XL: |  1  2  3  4  5  6  7 |
---------------+----------------------+-----
Spellcasting   | 4 5 |  5.2
Invocations    | 1 2 |  2.8
Unarmed Combat | 6 |  6.5
Short Blades   | 1 2 |  2.5
Long Blades    | 1 2 |  2.5
Axes           | 1 2 |  2.5
Maces & Flails | 1 2 |  2.5
Polearms       | 1 2 |  2.5
Staves         | 1 2 |  2.5
Slings         | 1 2 |  2.5
Bows           | 1 2 |  2.5
Crossbows      | 1 2 |  2.5
Throwing       | 1 2 |  2.5
Armour         | 1 2 |  2.5
Stealth        | 1 2 |  2.5
Shields        | 1 2 |  2.5
Evocations     | 1 2 |  2.5
Conjurations   | 1 2 |  2.0
Hexes          | 1 2 |  2.0
Charms         | 1 2 |  2.0
Summonings     | 1 2 |  2.0
Necromancy     | 1 2 |  2.0
Translocations | 1 2 |  2.0
Fire Magic     | 1 2 |  2.0
Ice Magic      | 1 2 |  2.0
Air Magic      | 1 2 |  2.0
Earth Magic    | 1 2 |  2.0
Poison Magic   | 1 2 |  2.0
Fighting       | 3 |  3.5
Transmutations | 4 |  4.0
Dodging        | |  4.9

Action                   |  1- 3 |  4- 6 |  7- 9 || total
-------------------------+-------+-------+-------++-------
Melee: Unarmed           |    72 |   142 |    76 ||   290
       Bite              |     6 |    22 |     8 ||    36
       Kick              |     4 |    14 |    12 ||    30
       Headbutt          |     3 |     8 |     5 ||    16
       Punch             |     2 |     4 |       ||     6
 Cast: Beastly Appendage |    13 |    16 |    13 ||    42
       Sticks to Snakes  |       |    22 |     7 ||    29
Invok: Sacrifice Skill   |     1 |       |       ||     1
  Use: Potion            |     5 |     4 |     1 ||    10
       Scroll            |     5 |     5 |     2 ||    12
 Stab: Sleeping          |     3 |     2 |     4 ||     9
       Distracted        |       |     2 |       ||     2
  Eat: Chunk             |     3 |     4 |     2 ||     9
       Ration            |       |     1 |       ||     1
Armor: Robe              |    21 |    17 |     3 ||    41
Dodge: Dodged            |    45 |    75 |    51 ||   171
